 Dungeon Crawl Stone Soup version 0.21-a0-536-gdbbf329 (webtiles) character file.

14211 slep the Cleaver (level 12, -6/94 HPs)
             Began as a Formicid Fighter on Dec 15, 2017.
             Was a High Priest of Okawaru.
             Mangled by an orc warrior
             ... wielding a +0 glaive
             ... led by Saint Roka
              (14 damage)
             ... on level 1 of the Orcish Mines.
             The game lasted 00:53:27 (11755 turns).

slep the Cleaver (Formicid Fighter)                Turns: 11755, Time: 00:53:28

Health: -6/94      AC: 13    Str: 21    XL:     12   Next: 42%
Magic:  12/12      EV: 10    Int:  9    God:    Okawaru [*****.]
Gold:   725        SH: 17    Dex: 22    Spells: 10/11 levels left

rFire    . . .     SeeInvis +   a - +0 war axe
rCold    . . .     Gourm    .   c - +0 shield
rNeg     . . .     Faith    .   B - +3 chain mail
rPois    +         Spirit   .   (helmet unavailable)
rElec    +         Reflect  .   (no cloak)
rCorr    .         Harm     .   (no gloves)
MR       +....     Clarity  +   (no boots)
Stlth    ..........             (no amulet)
HPRegen  0.25/turn              v - +6 ring of dexterity
MPRegen  0.13/turn              r - ring of wizardry

@: no status effects
A: permanent stasis, dig shafts and tunnels, four strong arms, antennae 3, large
bone plates 1, agile 1, blurry vision 1, clarity, poison resistance, electricity
resistance
a: Dig, Shaft Self, Heroism, Finesse, Renounce Religion


You were on level 1 of the Orcish Mines.
You worshipped Okawaru.
Okawaru was extremely pleased with you.
You were not hungry.

You visited 3 branches of the dungeon, and saw 14 of its levels.

You collected 831 gold pieces.
You spent 106 gold pieces at shops.

Inventory:

Hand Weapons
 a - a +0 war axe (weapon)
 b - a +1 spear of venom
 U - a +3 scimitar of flaming
 W - a +0 blowgun
Missiles
 g - 3 javelins of penetration (quivered)
 y - a throwing net
 z - 13 poisoned needles
Armour
 c - a +0 shield (worn)
 d - a +0 leather armour of fire resistance
 k - a +1 leather armour of poison resistance
 B - a +3 chain mail (worn)
 M - +0 fire dragon scales
Jewellery
 r - a ring of wizardry (right hand)
 v - a +6 ring of dexterity (left hand)
Wands
 A - a wand of iceblast (17)
 J - a wand of polymorph (19)
 Q - a wand of acid (11)
 S - a wand of disintegration (8)
 T - a wand of random effects (19)
 V - a wand of paralysis (16)
Scrolls
 e - 4 scrolls of identify
 l - 5 scrolls of remove curse
 m - a scroll of blinking {unknown}
 s - a scroll of fog {unknown}
 t - 2 scrolls of teleportation {unknown}
 D - 4 scrolls of noise {unknown}
 E - 3 scrolls of amnesia {unknown}
 F - a scroll of immolation {unknown}
 H - 2 scrolls of magic mapping {unknown}
 I - a scroll of holy word {unknown}
 O - 4 scrolls of enchant weapon {unknown}
Potions
 h - 3 potions of curing
 i - 3 potions of invisibility
 j - 2 potions of magic
 n - 3 potions of brilliance
 p - a potion of agility
 q - a potion of cancellation
 u - 3 potions of lignification
 w - 2 potions of heal wounds
 x - a potion of haste
 C - a potion of mutation
 G - 2 potions of resistance
 P - 3 potions of degeneration
Books
 R - a book of Cantrips

   Spells                             Type                      Level
   a - Confusing Touch                Hexes                        1
   b - Animate Skeleton               Necromancy                   1
   c - Summon Small Mammal            Summoning                    1
   d - Apportation                    Translocation                1
Comestibles
 f - 10 bread rations
 o - 6 meat rations
 K - 6 royal jellies
 L - a fruit
 N - 2 chunks of flesh


   Skills:
 + Level 8.3 Fighting
 + Level 12.9 Axes
 + Level 1.5 Throwing
 + Level 8.0 Armour
 + Level 3.3 Dodging
 + Level 4.2 Stealth
 + Level 11.1 Shields


You had 10 spell levels left.
You knew the following spells:

 Your Spells              Type           Power        Failure   Level  Hunger
a - Apportation           Tloc           #.....       71%         1    ##.....


Dungeon Overview and Level Annotations

Branches:
Dungeon (11/15)            Temple (1/1) D:4             Orc (2/2) D:10
   Lair: D:8-11         Elf: Orc:2

Altars:
Ashenzari
Cheibriados
Dithmenos
Elyvilon
Fedhas
Gozag
Hepliaklqana
Kikubaaqudgha
Makhleb
Nemelex Xobeh
Okawaru
Qazlal
Ru
Sif Muna
Trog
Uskayaw
Vehumet
Wu Jian
Xom
Yredelemnul
Zin
The Shining One

Shops:
D:4 =**}(   Orc:2 (

Annotations:
D:11 Josephine


Innate Abilities, Weirdness & Mutations

You cannot be hasted, slowed, berserked, paralysed or teleported.
You can dig through walls and to a lower floor.
Your four strong arms can wield two-handed weapons with a shield.
You have a pair of large antennae on your head. (SInv)
You are partially covered in large bone plates. (SH +4)
You are agile. (Dex +2)
Scrolls take you a little longer to read.
You possess an exceptional clarity of mind.
Your system is resistant to poisons. (rPois)
You are resistant to electric shocks. (rElec)


Message History

Aim: a two-headed ogre, wielding a giant spiked club and a giant club (almost dead)
You throw a javelin of penetration.
The javelin of penetration pierces through the two-headed ogre!
You kill the two-headed ogre!
Okawaru is honoured by your kill.
The javelin of penetration closely misses the orc warrior.
You block the orc warrior's attack.
Throwing (i - inventory. (,) - cycle):
g - 4 javelins of penetration (quivered)
Press: ? - help, Shift-Dir - straight line, f - orc warrior
Aim: an orc warrior, wielding a glaive and wearing a plate armour (almost dead)
You throw a javelin of penetration.
The javelin of penetration barely misses the orc warrior.
You block the orc warrior's attack.
You hit the orc warrior but do no damage.
The orc warrior is almost dead.
You block the orc warrior's attack.
You hit the orc warrior.
The orc warrior is almost dead.
The orc warrior hits you with a glaive!
You die...

)).[...##......###....#
.)....####....####....###
#......###......#.).#.#.##
........#.......(..>#....#
.....#....##......[#)...##
.##.###....####....##.###
##### #..### ##.#.####
##.## ##o...#
#...#####.@..##
##.###.###.###
###....#...# #.....##.##
##.#.####.## ##...##...##
##.##.....## ##....#....#
#....###).###


You could see an orc warrior.

Vanquished Creatures
  Erica (Orc:1)
  4 two-headed ogres
  The ghost of McSplat the Ogre Mage, a novice OgWz of Vehumet (D:5)
  An orc knight (Orc:1)
  Pikel (D:5)
  A troll (D:10)
  Prince Ribbit (D:9)
  4 hippogriffs
  A wraith (D:11)
  6 yaks
  A hungry ghost (D:11)
  A water elemental (D:11)
  A steam dragon (D:9)
  A human (D:7)
  Grum (D:8)
  4 hogs (D:7)
  A water moccasin (D:7)
  Duvessa (D:5)
  16 orc warriors
  3 sky beasts
  2 ice beasts
  A necrophage (D:9)
  A phantom (D:9)
  4 wolves
  9 ogres
  3 centaurs
  The ghost of TORped0 the Digger, an amateur OpEE (D:3)
  4 big kobolds
  Dowan (D:5)
  2 scorpions
  3 wights (D:7)
  5 killer bees (D:10)
  An electric eel (D:11)
  A howler monkey (D:6)
  3 jellies
  3 crimson imps
  A quasit (D:8)
  7 hounds
  3 centaur skeletons
  5 orc priests
  An iguana (D:10)
  15 orc wizards
  7 worker ants
  3 hound skeletons
  9 gnolls
  14 adders
  4 shadow imps
  A white imp (D:11)
  3 oozes
  An adder skeleton (D:5)
  4 worms (D:3)
  2 dart slugs
  2 leopard geckos
  46 orcs
  10 giant cockroaches
  10 goblins
  9 hobgoblins
  25 kobolds
  4 quokkas
  8 bats
  5 frilled lizards
  A jackal skeleton (D:4)
  12 rats
  A butterfly (D:2)
308 creatures vanquished.

Vanquished Creatures (others)
  2 slaves (D:5)
  A worker ant (D:8)
3 creatures vanquished.

Grand Total: 311 creatures vanquished

Notes
Turn   | Place    | Note
-------+----------+-------------------------------------------
     0 | D:1      | slep the Formicid Fighter began the quest for the Orb.
     0 | D:1      | Reached XP level 1. HP: 18/18 MP: 1/1
    37 | D:1      | Reached XP level 2. HP: 22/24 MP: 2/2
   227 | D:1      | Reached XP level 3. HP: 26/29 MP: 3/3
   702 | D:2      | Reached XP level 4. HP: 32/36 MP: 4/4
  1392 | D:3      | Reached skill level 3 in Axes
  1424 | D:3      | Reached XP level 5. HP: 38/42 MP: 5/5
  1584 | D:3      | Noticed TORped0's ghost (amateur OpEE)
  1597 | D:3      | Killed TORped0's ghost
  1597 | D:3      | Reached skill level 5 in Shields
  1597 | D:3      | Reached XP level 6. HP: 9/48 MP: 6/6
  1970 | D:3      | Reached skill level 1 in Dodging
  2049 | D:4      | Found a glowing golden altar of the Shining One.
  2148 | D:4      | Found Naqum's Gadget Shoppe.
  2334 | D:4      | Found a staircase to the Ecumenical Temple.
  2343 | Temple   | Entered the Ecumenical Temple
  2548 | D:4      | Reached skill level 4 in Axes
  2617 | D:4      | Found Ellara's General Store.
  2618 | D:4      | Found Syuph's Jewellery Shoppe.
  2732 | D:4      | Reached XP level 7. HP: 46/54 MP: 7/7
  2800 | D:4      | Found Pyere's Antique Weapon Shop.
  2871 | D:4      | Found Neuhaxuo's Assorted Antiques.
  2889 | D:4      | Bought a scroll labeled FEANYRAO RACRA for 19 gold pieces
  2889 | D:4      | Bought a bubbling pink potion for 17 gold pieces
  2889 | D:4      | Bought a yellow potion for 17 gold pieces
  2889 | D:4      | Bought a scroll labeled SAXIMY JEEXOBE for 19 gold pieces
  2889 | D:4      | Bought a purple potion for 17 gold pieces
  2889 | D:4      | Bought a bubbling pink potion for 17 gold pieces
  3065 | D:5      | Entered Level 5 of the Dungeon
  3236 | D:5      | Reached skill level 5 in Axes
  3244 | D:5      | Noticed Pikel
  3274 | D:5      | Killed Pikel
  3274 | D:5      | Reached skill level 6 in Axes
  3274 | D:5      | Reached skill level 5 in Armour
  3274 | D:5      | Reached skill level 1 in Stealth
  3274 | D:5      | Reached XP level 8. HP: 17/61 MP: 8/8
  3527 | D:5      | Reached skill level 5 in Fighting
  3745 | D:5      | Noticed McSplat's ghost (novice OgWz)
  3801 | D:5      | Killed McSplat's ghost
  3801 | D:5      | Reached skill level 7 in Axes
  3801 | D:5      | Reached XP level 9. HP: 33/68 MP: 9/9
  3907 | D:5      | Noticed Dowan
  3911 | D:5      | Noticed Duvessa
  3919 | D:5      | Killed Duvessa
  3930 | D:5      | Killed Dowan
  4102 | D:5      | Reached skill level 8 in Axes
  4309 | D:5      | Gained mutation: Scrolls take you a little longer to read. [mutagenic meat]
  4311 | D:5      | Gained mutation: You are resistant to electric shocks. (rElec) [mutagenic meat]
  4312 | D:5      | Gained mutation: You are partially covered in large bone plates. (SH +4) [mutagenic meat]
  4313 | D:5      | Gained mutation: You are agile. (Dex +2) [mutagenic meat]
  4314 | D:5      | Gained mutation: Your system is resistant to poisons. (rPois) [mutagenic meat]
  4681 | D:6      | Found an opulent altar of Gozag.
  5053 | D:7      | Found an iron altar of Okawaru.
  5054 | D:7      | Found a glowing golden altar of the Shining One.
  5058 | D:7      | Became a worshipper of Warmaster Okawaru
  5201 | D:7      | Reached skill level 9 in Axes
  5287 | D:7      | Reached XP level 10. HP: 71/75 MP: 10/10
  5474 | D:7      | Reached * piety under Okawaru
  5982 | D:7      | Reached skill level 10 in Axes
  6271 | D:8      | Noticed a two-headed ogre
  6283 | D:8      | Killed a two-headed ogre
  6559 | D:8      | Reached ** piety under Okawaru
  6628 | D:8      | Found a radiant altar of Vehumet.
  6642 | D:8      | Reached skill level 1 in Throwing
  6646 | D:8      | Gained mutation: Your body sometimes deteriorates upon taking damage. [mutagenic meat]
  6648 | D:8      | Lost mutation: Your body sometimes deteriorates upon taking damage. [mutagenic meat]
  6650 | D:8      | Gained mutation: You possess an exceptional clarity of mind. [mutagenic meat]
  6673 | D:8      | Found an iron altar of Okawaru.
  6717 | D:8      | Noticed Grum
  6722 | D:8      | Killed Grum
  7382 | D:9      | Reached XP level 11. HP: 82/83 MP: 11/11
  7408 | D:9      | Learned a level 1 spell: Apportation
  7575 | D:9      | Reached skill level 11 in Axes
  8008 | D:9      | Reached *** piety under Okawaru
  8102 | D:9      | Noticed a two-headed ogre
  8466 | D:9      | Noticed Prince Ribbit
  8581 | D:9      | Killed a two-headed ogre
  8731 | D:9      | Killed Prince Ribbit
  8816 | D:9      | Found a burning altar of Makhleb.
  8988 | D:10     | Entered Level 10 of the Dungeon
  9000 | D:10     | Reached **** piety under Okawaru
  9028 | D:10     | Reached skill level 12 in Axes
  9119 | D:10     | Noticed a two-headed ogre
  9132 | D:10     | Killed a two-headed ogre
  9132 | D:10     | Reached skill level 10 in Shields
  9624 | D:10     | Found a staircase to the Orcish Mines.
  9810 | D:11     | Noticed Josephine
  9820 | D:11     | Noticed a two-headed ogre
  9825 | D:11     | Reached XP level 12. HP: 75/92 MP: 12/12
 10541 | D:11     | HP: 2/92 [centaur warrior simulacrum (28)]
 10943 | Orc:1    | Entered Level 1 of the Orcish Mines
 10985 | Orc:1    | Noticed Erica
 10996 | Orc:1    | Killed Erica
 10996 | Orc:1    | Reached ***** piety under Okawaru
 11556 | Orc:2    | Entered Level 2 of the Orcish Mines
 11556 | Orc:2    | Found Yjiups's Antique Weapon Emporium.
 11556 | Orc:2    | Noticed an orc high priest
 11556 | Orc:2    | Noticed a two-headed ogre
 11751 | Orc:1    | Killed a two-headed ogre
 11755 | Orc:1    | Mangled by an orc warrior

Vault maps used:
D:1:      dpeg_arrival_court
D:2:      first_bread, st_stairs_6, kennysheep_big_empty_room,
          hangedman_glass_garden
D:4:      minmay_temple_entry_glassed_door, serial_shops, shop,
          nicolae_shop_waterfront, kennysheep_little_box, nicolae_shop_crystal,
          nicolae_shop_trees, st_stairs_13, serial_bayou_ford_a, tso_metal_star
D:5:      uniq_duvessa, uniq_pikel
D:6:      nicolae_gozag_cash_rules_everything_around_me,
          minmay_misc_feat_columns
D:7:      gammafunk_temple_overflow_statue, grunt_livestock
D:8:      fiery_altar_vehumet, eino_tiny_chamber, okawaru_altar_gauntlet_db,
          uniq_grum
D:9:      makhleb_blood_cavern_becter, uniq_prince_ribbit1
D:10:     kennysheep_orc_monster_closet_entryway
D:11:     erik_lair_dragon, serial_ice, serial_ice_h, serial_ice_j,
          serial_ice_m, serial_ice_b, uniq_josephine
Temple:   eino_narrow_crystal_temple
Orc:1:    uniq_erica
Orc:2:    grunt_orc_gardens, grunt_orc_garden, grunt_orc_garden,
          grunt_orc_garden, grunt_orc_garden, serial_shops, shop, elf_legates,
          uniq_saint_roka

Skill      XL: |  1  2  3  4  5  6  7  8  9 10 11 12 |
---------------+-------------------------------------+-----
Shields        | 4 5 6 7 8 10 11 | 11.1
Armour         | 4 5 6 7 8 |  8.0
Axes           | 3 4 6 7 9 10 12 | 12.9
Dodging        | 1 2 3 |  3.3
Fighting       | 4 5 6 7 8 |  8.3
Stealth        | 1 3 4 |  4.2
Throwing       | 1 |  1.5

Action                   |  1- 3 |  4- 6 |  7- 9 | 10-12 || total
-------------------------+-------+-------+-------+-------++-------
Melee: War axe           |    85 |   230 |   298 |   676 ||  1289
Throw: Javelin           |       |       |       |    17 ||    17
  Use: Potion            |       |     1 |     2 |     6 ||     9
       Scroll            |       |       |       |     4 ||     4
 Stab: Invisible         |       |       |     6 |       ||     6
  Eat: Chunk             |       |     7 |    14 |    28 ||    49
Armor: Scale mail        |    41 |    78 |    45 |       ||   164
       Chain mail        |       |       |    26 |   168 ||   194
       Skin              |       |       |     8 |    34 ||    42
Dodge: Dodged            |    36 |    77 |    53 |   155 ||   321
Block: Shield            |    52 |   125 |   163 |   584 ||   924

Table legend:
 A = Spawn XP
 B = Non-spawn XP
 C = Spawn XP percentage of total XP
 D = Spawn monster count
 E = Non-spawn monster count
 F = Spawn count percentage of total count
 G = Total turns spent on level
                    A         B        C        D         E        F      G
               +---------+---------+-------+---------+---------+-------+---------
         Total |       0 |   20302 |   0.0 |       0 |     307 |   0.0 | 11755
               +---------+---------+-------+---------+---------+-------+---------
           D:1 |       0 |      45 |   0.0 |       0 |      28 |   0.0 |   682
           D:2 |       0 |      81 |   0.0 |       0 |      23 |   0.0 |   579
           D:3 |       0 |     180 |   0.0 |       0 |      26 |   0.0 |   785
           D:4 |       0 |     262 |   0.0 |       0 |      15 |   0.0 |   975
           D:5 |       0 |    2373 |   0.0 |       0 |      25 |   0.0 |  1162
           D:6 |       0 |     787 |   0.0 |       0 |      26 |   0.0 |   639
           D:7 |       0 |    1879 |   0.0 |       0 |      31 |   0.0 |  1238
           D:8 |       0 |    2410 |   0.0 |       0 |      28 |   0.0 |  1807
           D:9 |       0 |    3979 |   0.0 |       0 |      22 |   0.0 |   928
          D:10 |       0 |    3414 |   0.0 |       0 |      42 |   0.0 |  1800
          D:11 |       0 |     811 |   0.0 |       0 |       8 |   0.0 |   155
        Temple |       0 |       6 |   0.0 |       0 |       1 |   0.0 |   193
         Orc:1 |       0 |    4075 |   0.0 |       0 |      32 |   0.0 |   805
               +---------+---------+-------+---------+---------+-------+---------
